 Dungeon Crawl Stone Soup version 0.19-a0-1851-g3228ea0 (webtiles) character file.

10 Amnesiac the Sneak (level 2, -1/15 HPs)
             Began as a Vine Stalker Assassin on Oct 11, 2016.
             Slain by Pikel
             ... wielding a +0 whip of flaming
              (5 damage)
             ... on level 4 of the Dungeon.
             The game lasted 00:02:18 (567 turns).

Amnesiac the Sneak (Vine Stalker Assassin)           Turns: 567, Time: 00:02:19

Health: -1/15      AC:  3    Str: 13    XL:     2   Next: 20%
Magic:  0/3        EV: 11    Int: 11    God:
Gold:   40         SH:  0    Dex: 15    Spells: 0 memorised, 1 level left

rFire  . . .     SeeInvis .     e - +1 blowgun
rCold  . . .     Gourm    .     c - +0 robe
rNeg   . . .     Faith    .     (no shield)
rPois  .         Spirit   +     (no helmet)
rElec  .         Dismiss  .     d - +0 cloak
rCorr  .         Reflect  .     (no gloves)
MR     .....     Harm     .     (no boots)
Stlth  +++.......               (no amulet)
                                (no ring)
                                (no ring)

@: no status effects
A: fangs 2, magic shield, antimagic bite, no device heal 3, rot immunity
a: no special abilities


You were on level 4 of the Dungeon.
You were not hungry.

You visited 1 branch of the dungeon, and saw 4 of its levels.

You collected 40 gold pieces.

Inventory:

Hand Weapons
 e - a +1 blowgun (weapon)
 w - a +2 dagger
Missiles
 b - 4 poisoned needles
 f - a curare-tipped needle (quivered)
Armour
 c - a +0 robe (worn)
 d - a +0 cloak (worn)
Potions
 a - 2 potions of lignification {unknown}
Comestibles
 g - a bread ration
 h - 3 fruits


   Skills:
 + Level 2.0 Fighting
 - Level 2.0 Short Blades
 - Level 2.0 Throwing
 - Level 0.7 Dodging
 - Level 5.0 Stealth


You had one spell level left.
You didn't know any spells.

Dungeon Overview and Level Annotations

Branches:
Dungeon (4/15)
 Temple: D:4-7

Altars:
Yredelemnul

Annotations:
D:4 Pikel, Sigmund


Innate Abilities, Weirdness & Mutations

You have extremely sharp teeth.
When hurt, damage is shared between your health and your magic reserves.
Your bite disrupts and absorbs the magic of your enemies.
Potions and wands cannot restore your health.
You are immune to rotting.


Message History

You shoot a curare-tipped needle.
The curare-tipped needle barely misses Pikel.
The curare-tipped needle hits the slave.
The slave is poisoned.
The slave convulses.
The slave seems to slow down.
The slave is moderately wounded.
Firing (i - inventory):
b - 5 poisoned needles (quivered)
Press: ? - help, Shift-Dir - straight line, f/p - Pikel
Aim: Pikel, wielding a whip of flaming and wearing a robe (severely wounded)
You shoot a poisoned needle.
The poisoned needle closely misses Pikel.
The poisoned needle hits the slave.
Pikel hits you but does no damage. The slave barely misses you.
The slave hits you but does no damage.
You see here a curare-tipped needle.
f - a curare-tipped needle The slave barely misses you.
The slave hits you!
* * * LOW HITPOINT WARNING * * *
Pikel hits you with a whip of flaming.
You die...

###........>.
....+
##.....##(...
...#
#.......#(...
..##
#.......#<....
#.......#
#.......#
##.....##
####'####
#..p@...#
#..Kpp..#
#..p....#
#.......#
#.......#
#.......#
#########


You could see Pikel and 4 slaves.

Vanquished Creatures
  2 bats
  A goblin (D:1)
  4 hobgoblins
  A frilled lizard (D:2)
  A rat (D:1)
9 creatures vanquished.

Notes
Turn   | Place    | Note
-------+----------+-------------------------------------------
     0 | D:1      | Amnesiac the Vine Stalker Assassin began the quest for the Orb.
     0 | D:1      | Reached XP level 1. HP: 11/11 MP: 2/2
    77 | D:1      | Reached skill level 5 in Stealth
   132 | D:2      | Reached XP level 2. HP: 15/15 MP: 3/3
   222 | D:4      | Noticed Sigmund
   523 | D:4      | Found a basalt altar of Yredelemnul.
   523 | D:4      | Noticed Pikel
   523 | D:4      | Noticed a slave
   523 | D:4      | Noticed a slave
   528 | D:4      | Noticed a slave
   529 | D:4      | Noticed a slave
   567 | D:4      | Slain by Pikel

Vault maps used:
D:1:      lemuel_arrival_muddy, kennysheep_minor_cross,
          kennysheep_decorative_pillar, st_stairs_7
D:3:      bloody_makhleb, nemelex_xobeh_ov_fountains_minmay, ecumenical_altar_1
D:4:      yredelemnul_altar_generic, first_bread, nicolae_gozag_seed_capital,
          uniq_sigmund, uniq_pikel, uniq_menkaure, uniq_crazy_yiuf_cottage

Skill      XL: |  1  2 |
---------------+-------+-----
Stealth        | 5 |  5.0
Short Blades   | 2 |  2.0
Throwing       | 2 |  2.0
Fighting       | 2 |  2.0
Dodging        | |  0.7

Action                   || total
-------------------------++-------
Melee: Dagger            ||    19
       Bite              ||     4
 Fire: Blowgun           ||     6
  Use: Scroll            ||     3
 Stab: Sleeping          ||     4
Armor: Robe              ||     4
Dodge: Dodged            ||    12
